 Dungeon Crawl Stone Soup version 0.31.0-9-g3a7656b989 (webtiles) character file.

Game seed: 18140661304641202503

205 Peloso the Covered (level 5, -3/47 HPs)
             Began as a Minotaur Fighter on Feb 6, 2024.
             Incinerated by a bombardier beetle (4 damage)
             ... with a burning spray
             ... on level 3 of the Dungeon.
             The game lasted 00:04:57 (1781 turns).

Peloso the Covered (Minotaur Fighter)               Turns: 1781, Time: 00:04:58

Health: -3/47      AC: 11    Str: 20    XL:     5   Next: 52%
Magic:  4/4        EV:  8    Int:  5    God:
Gold:   800        SH:  5    Dex: 12    Spells: 4/4 levels left

rFire   . . .        a - +0 long sword
rCold   . . .        d - +0 buckler
rNeg    . . .        c - +0 chain mail
rPois   .            (helmet restricted)
rElec   .            (no cloak)
rCorr   .            m - +0 pair of gloves
SInv    .            (no boots)
Will    .....        (no amulet) Stlth
                     (no ring)
HPRegen 0.27/turn    (no ring)
MPRegen 0.09/turn

%: no passive effects
@: brilliant, on fire, glowing
A: horns 2, retaliatory headbutt
a: no special abilities


You were on level 3 of the Dungeon.
You visited 1 branch of the dungeon, and saw 3 of its levels.

You collected 911 gold pieces.
You spent 111 gold pieces at shops.

Inventory:

Hand Weapons
 a - a +0 long sword (weapon)
Armour
 b - a +0 scale mail
 c - a +0 chain mail (worn)
 d - a +0 buckler (worn)
 m - a +0 pair of gloves (worn)
Jewellery
 k - a ring of fire
 n - an amulet of reflection
Scrolls
 f - a scroll of immolation
 g - a scroll of amnesia
 j - a scroll of teleportation {unknown}
 o - a scroll of enchant armour {unknown}
 p - a scroll of enchant weapon {unknown}
 q - a scroll of poison {unknown}
 s - 2 scrolls of identify
 v - 2 scrolls of vulnerability {unknown}
 w - a scroll of blinking {unknown}
Potions
 e - a potion of berserk rage
 i - a potion of ambrosia {unknown}
 l - a potion of might
 r - a potion of attraction
 t - a potion of mutation {unknown}
 u - a potion of brilliance


   Skills:
 + Level 4.5 Fighting
 + Level 4.1 Long Blades
 + Level 4.9 Armour
 + Level 1.7 Dodging
 + Level 4.6 Shields


You had 4 spell levels left.
You didn't know any spells.
Your spell library contained the following spells:

 Spells                   Type           Power      Damage    Failure   Level
 Jinxbite                 Hex            0%         N/A       100%        2
 Yara's Violent Unravell  Hex/Alch       0%         3d3       100%        5
 Enfeeble                 Hex            0%         N/A       100%        7


Dungeon Overview and Level Annotations

Branches:
Dungeon (3/15)

Altars:

Shops:
D:1 (   D:2 *


Innate Abilities, Weirdness & Mutations

You have a pair of horns on your head.
You reflexively headbutt those who attack you in melee.


Message History

The liquid fire burns you!
You hit the bombardier beetle.
The bombardier beetle is heavily wounded.
The liquid fire burns you!
* * * LOW HITPOINT WARNING * * *
The bombardier beetle sprays incendiary fluid at you.
You block the burning spray.
You hit the bombardier beetle but do no damage.
You headbutt the bombardier beetle, but do no damage.
The bombardier beetle is heavily wounded.
The liquid fire burns you!
* * * LOW HITPOINT WARNING * * *
The bombardier beetle sprays incendiary fluid at you.
The burning spray misses you.
It was a potion of brilliance.
You feel clever all of a sudden. The liquid fire burns you!
* * * LOW HITPOINT WARNING * * *
It was a potion of curing.
You feel better. The liquid fire burns you!
* * * LOW HITPOINT WARNING * * *
The bombardier beetle sprays incendiary fluid at you.
The burning spray hits you.
You are even more covered in liquid fire!
Unknown command.
You hit the bombardier beetle.
The bombardier beetle is almost dead.
The liquid fire burns you!
* * * LOW HITPOINT WARNING * * *
The bombardier beetle bites you.
* * * LOW HITPOINT WARNING * * *
You barely miss the bombardier beetle.
Your headbutt misses the bombardier beetle.
The bombardier beetle is almost dead.
The liquid fire burns you!
* * * LOW HITPOINT WARNING * * *
You hit the bombardier beetle.
The bombardier beetle is almost dead.
The liquid fire burns you!
You die...

#.# #####.#.# #.#
#.....#.# #.#
#.#####.# #.# #.# #.#
#.######.# #.#
####........# #.#
########....########
#...........#########
............'@BJ....#
#...........#######.#
#...........#
#...........#
#........####
#........# #........#
##########


You could see a bombardier beetle and an endoplasm.

Vanquished Creatures
  A phantom (D:2)
  Natasha (twice) (D:2)
  2 adders
  A ribbon worm (D:2)
  A dart slug (D:2)
  8 endoplasms
  4 goblins
  3 hobgoblins
  7 jackals
  6 kobolds
  4 quokkas
  5 ball pythons
  5 bats
  5 frilled lizards
  A rat (D:2)
55 creatures vanquished.

Notes
Turn   | Place    | Note
-------+----------+-------------------------------------------
     0 | D:1      | Peloso the Minotaur Fighter began the quest for the Orb.
     0 | D:1      | Reached XP level 1. HP: 19/19 MP: 0/0
    47 | D:1      | Found a faded altar of an unknown god.
   138 | D:1      | Reached XP level 2. HP: 27/27 MP: 1/1
   269 | D:1      | Found Niahot's Antique Weapon Boutique.
   652 | D:2      | Reached XP level 3. HP: 33/33 MP: 2/2
   828 | D:2      | Noticed Natasha
   833 | D:2      | Killed Natasha
   834 | D:2      | Reached XP level 4. HP: 40/40 MP: 3/3
   976 | D:2      | Noticed Natasha
   984 | D:2      | Killed Natasha
   985 | D:2      | Reached skill level 1 in Dodging
  1033 | D:2      | Found Plog's Assorted Antiques.
  1042 | D:2      | Bought a scroll labelled OCKYDU INUPT for 24 gold pieces
  1042 | D:2      | Bought a scroll labelled NEATZE ZATIMEA for 24 gold pieces
  1043 | D:2      | Bought a clear potion for 21 gold pieces
  1043 | D:2      | Identified a scroll of acquirement
  1043 | D:2      | Acquired 800 gold pieces
  1065 | D:2      | Noticed a phantom
  1088 | D:2      | Killed a phantom
  1089 | D:2      | Reached XP level 5. HP: 39/47 MP: 4/4
  1381 | D:2      | Bought a fizzy grey potion for 21 gold pieces
  1381 | D:2      | Bought a dark potion for 21 gold pieces
  1780 | D:3      | HP: 1/47 [burnt (4)]
  1781 | D:3      | Incinerated by a bombardier beetle

Illustrated notes

Levels and vault maps discovered:
D:1:      dpeg_arrival_connections, layout_rooms, serial_shops,
          nicolae_shop_advertising_works [nicolae_subvault_shop_adworks],
          hellmonk_ecumenical_altar_blasted, minmay_statues_item
D:2:      layout_basic, serial_shops, shop, minmay_box_of_dots, uniq_natasha
D:3:      layout_basic

Skill      XL: |  1  2  3  4 |
---------------+-------------+-----
Shields        | 4 |  4.6
Armour         | 4 |  4.9
Fighting       | 4 |  4.5
Long Blades    | 3 4 |  4.1
Dodging        | 1 |  1.7

Action                     |  1- 3 |  4- 6 || total
---------------------------+-------+-------++-------
  Melee: Long sword        |    66 |    77 ||   143
         Headbutt          |    12 |     7 ||    19
    Use: Potion            |     3 |     2 ||     5
         Scroll            |       |     2 ||     2
 Armour: Scale mail        |    37 |       ||    37
         Chain mail        |    19 |    78 ||    97
  Dodge: Dodged            |    40 |    45 ||    85
  Block: Buckler           |    15 |    25 ||    40
